Unix NetHack Version 3.7.0-62 Work-in-progress - last build Sep 11 2022 12:50:24 (50a4e0875b74f16bdbec0d79e29a59bb940978ed,branch:master).

Game began 2022-09-13 12:38:13, ended 2022-09-13 18:12:34.

rustyspoon, lawful male human Valkyrie

  
unexplored area
unexplored area
unexplored area
unexplored area
unexplored area
unexplored area
unexplored area
unexplored area
unexplored area
unexplored area
unexplored area
unexplored area
unexplored area
unexplored area
unexplored area
unexplored area
unexplored area
unexplored area
unexplored area
unexplored area
unexplored area
unexplored area
unexplored area
unexplored area
unexplored area
unexplored area
unexplored area
unexplored area
unexplored area
unexplored area
unexplored area
unexplored area
unexplored area
unexplored area
unexplored area
unexplored area
unexplored area
unexplored area
unexplored area
unexplored area
unexplored area
unexplored area
unexplored area
unexplored area
unexplored area
unexplored area
unexplored area
unexplored area
unexplored area
unexplored area
unexplored area
unexplored area
unexplored area
unexplored area
unexplored area
unexplored area
unexplored area
unexplored area
unexplored area
unexplored area
unexplored area
unexplored area
unexplored area
unexplored area
unexplored area
unexplored area
unexplored area
unexplored area
unexplored area
unexplored area
unexplored area
unexplored area
unexplored area
unexplored area
unexplored area
unexplored area
unexplored area
unexplored area
unexplored area
unexplored area
unexplored area
unexplored area
unexplored area
unexplored area
unexplored area
unexplored area
unexplored area
unexplored area
unexplored area
unexplored area
unexplored area
unexplored area
unexplored area
unexplored area
unexplored area
unexplored area
unexplored area
unexplored area
unexplored area
unexplored area
unexplored area
unexplored area
unexplored area
unexplored area
unexplored area
unexplored area
unexplored area
unexplored area
unexplored area
unexplored area
unexplored area
unexplored area
unexplored area
unexplored area
unexplored area
unexplored area
unexplored area
wall
wall
wall
wall
wall
wall
wall
unexplored area
unexplored area
unexplored area
unexplored area
unexplored area
unexplored area
unexplored area
unexplored area
unexplored area
unexplored area
unexplored area
unexplored area
unexplored area
unexplored area
unexplored area
unexplored area
unexplored area
unexplored area
unexplored area
unexplored area
unexplored area
unexplored area
unexplored area
unexplored area
unexplored area
unexplored area
unexplored area
unexplored area
unexplored area
unexplored area
unexplored area
unexplored area
unexplored area
unexplored area
unexplored area
unexplored area
unexplored area
unexplored area
unexplored area
unexplored area
unexplored area
unexplored area
unexplored area
unexplored area
unexplored area
unexplored area
unexplored area
unexplored area
unexplored area
unexplored area
unexplored area
unexplored area
unexplored area
unexplored area
unexplored area
unexplored area
unexplored area
unexplored area
unexplored area
unexplored area
unexplored area
unexplored area
unexplored area
unexplored area
unexplored area
unexplored area
unexplored area
unexplored area
unexplored area
unexplored area
unexplored area
unexplored area
.dark part of a room
.dark part of a room
.dark part of a room
.dark part of a room
.dark part of a room
.dark part of a room
.dark part of a room
.dark part of a room
unexplored area
unexplored area
unexplored area
unexplored area
unexplored area
unexplored area
unexplored area
unexplored area
unexplored area
unexplored area
unexplored area
unexplored area
unexplored area
unexplored area
unexplored area
unexplored area
unexplored area
unexplored area
unexplored area
unexplored area
unexplored area
unexplored area
unexplored area
unexplored area
unexplored area
unexplored area
unexplored area
unexplored area
unexplored area
unexplored area
unexplored area
unexplored area
unexplored area
unexplored area
unexplored area
unexplored area
unexplored area
unexplored area
unexplored area
unexplored area
unexplored area
unexplored area
unexplored area
unexplored area
unexplored area
unexplored area
unexplored area
unexplored area
unexplored area
unexplored area
unexplored area
unexplored area
unexplored area
unexplored area
unexplored area
unexplored area
unexplored area
unexplored area
unexplored area
unexplored area
unexplored area
unexplored area
unexplored area
unexplored area
unexplored area
unexplored area
unexplored area
unexplored area
wall
wall
wall
wall
|open door
wall
wall
wall
wall
.dark part of a room
.dark part of a room
.dark part of a room
unexplored area
unexplored area
unexplored area
unexplored area
unexplored area
unexplored area
unexplored area
unexplored area
unexplored area
unexplored area
unexplored area
unexplored area
unexplored area
unexplored area
unexplored area
unexplored area
unexplored area
unexplored area
unexplored area
unexplored area
unexplored area
unexplored area
unexplored area
unexplored area
unexplored area
unexplored area
unexplored area
unexplored area
unexplored area
unexplored area
unexplored area
unexplored area
unexplored area
unexplored area
unexplored area
unexplored area
unexplored area
unexplored area
unexplored area
unexplored area
unexplored area
unexplored area
unexplored area
unexplored area
unexplored area
unexplored area
unexplored area
unexplored area
unexplored area
unexplored area
unexplored area
unexplored area
unexplored area
unexplored area
unexplored area
unexplored area
unexplored area
unexplored area
unexplored area
unexplored area
unexplored area
unexplored area
unexplored area
unexplored area
unexplored area
unexplored area
unexplored area
wall
.dark part of a room
.dark part of a room
.dark part of a room
.dark part of a room
.dark part of a room
unexplored area
unexplored area
wall
wall
.dark part of a room
.dark part of a room
.dark part of a room
.dark part of a room
.dark part of a room
.dark part of a room
.dark part of a room
unexplored area
unexplored area
unexplored area
unexplored area
unexplored area
unexplored area
unexplored area
unexplored area
unexplored area
unexplored area
unexplored area
unexplored area
unexplored area
unexplored area
unexplored area
unexplored area
unexplored area
unexplored area
unexplored area
unexplored area
unexplored area
unexplored area
unexplored area
unexplored area
unexplored area
unexplored area
unexplored area
unexplored area
unexplored area
unexplored area
unexplored area
unexplored area
unexplored area
unexplored area
unexplored area
unexplored area
unexplored area
unexplored area
unexplored area
unexplored area
unexplored area
unexplored area
unexplored area
unexplored area
unexplored area
unexplored area
unexplored area
unexplored area
unexplored area
unexplored area
unexplored area
unexplored area
unexplored area
unexplored area
unexplored area
unexplored area
unexplored area
unexplored area
unexplored area
unexplored area
unexplored area
unexplored area
.dark part of a room
.dark part of a room
.dark part of a room
.dark part of a room
.dark part of a room
%Death's corpse
.dark part of a room
.dark part of a room
.dark part of a room
wall
wall
.dark part of a room
.dark part of a room
.dark part of a room
.dark part of a room
%a killer bee corpse
.dark part of a room
%an ogre lord corpse
unexplored area
unexplored area
unexplored area
unexplored area
unexplored area
unexplored area
unexplored area
unexplored area
unexplored area
unexplored area
unexplored area
unexplored area
unexplored area
unexplored area
unexplored area
unexplored area
unexplored area
unexplored area
unexplored area
unexplored area
unexplored area
unexplored area
unexplored area
unexplored area
unexplored area
unexplored area
unexplored area
unexplored area
unexplored area
unexplored area
unexplored area
unexplored area
unexplored area
unexplored area
unexplored area
unexplored area
unexplored area
unexplored area
unexplored area
unexplored area
unexplored area
unexplored area
unexplored area
unexplored area
unexplored area
unexplored area
unexplored area
unexplored area
unexplored area
unexplored area
unexplored area
unexplored area
unexplored area
unexplored area
unexplored area
unexplored area
unexplored area
unexplored area
unexplored area
unexplored area
unexplored area
.dark part of a room
.dark part of a room
.dark part of a room
5unknown creature causing you dread
4unknown creature causing you alarm
.dark part of a room
.dark part of a room
.dark part of a room
.dark part of a room
.dark part of a room
wall
.dark part of a room
.dark part of a room
.dark part of a room
.dark part of a room
.dark part of a room
.dark part of a room
.dark part of a room
.dark part of a room
.dark part of a room
.dark part of a room
unexplored area
unexplored area
unexplored area
unexplored area
unexplored area
unexplored area
wall
wall
wall
wall
wall
unexplored area
unexplored area
unexplored area
unexplored area
unexplored area
unexplored area
unexplored area
unexplored area
unexplored area
unexplored area
unexplored area
unexplored area
unexplored area
unexplored area
unexplored area
unexplored area
unexplored area
unexplored area
unexplored area
unexplored area
unexplored area
unexplored area
unexplored area
unexplored area
unexplored area
unexplored area
unexplored area
unexplored area
unexplored area
unexplored area
unexplored area
unexplored area
unexplored area
unexplored area
unexplored area
unexplored area
unexplored area
unexplored area
unexplored area
unexplored area
unexplored area
unexplored area
unexplored area
unexplored area
unexplored area
unexplored area
unexplored area
unexplored area
unexplored area
unexplored area
4unknown creature causing you alarm
.dark part of a room
.dark part of a room
.dark part of a room
2unknown creature causing you anxiety
.dark part of a room
wall
unexplored area
wall
wall
wall
wall
wall
wall
.dark part of a room
.dark part of a room
.dark part of a room
wall
unexplored area
unexplored area
unexplored area
unexplored area
unexplored area
unexplored area
wall
.dark part of a room
.dark part of a room
.dark part of a room
unexplored area
unexplored area
unexplored area
unexplored area
unexplored area
unexplored area
unexplored area
unexplored area
unexplored area
unexplored area
unexplored area
unexplored area
unexplored area
unexplored area
unexplored area
unexplored area
unexplored area
unexplored area
unexplored area
unexplored area
unexplored area
unexplored area
unexplored area
unexplored area
unexplored area
unexplored area
unexplored area
unexplored area
unexplored area
unexplored area
unexplored area
unexplored area
unexplored area
unexplored area
unexplored area
unexplored area
unexplored area
unexplored area
unexplored area
unexplored area
unexplored area
unexplored area
unexplored area
unexplored area
unexplored area
unexplored area
unexplored area
unexplored area
unexplored area
unexplored area
Dgold dragon
.dark part of a room
.dark part of a room
.dark part of a room
.dark part of a room
.dark part of a room
wall
wall
unexplored area
unexplored area
unexplored area
unexplored area
unexplored area
unexplored area
wall
wall
.broken door
wall
wall
wall
wall
unexplored area
unexplored area
unexplored area
wall
wall
.dark part of a room
.dark part of a room
wall
wall
wall
wall
wall
wall
wall
wall
wall
unexplored area
unexplored area
unexplored area
unexplored area
unexplored area
unexplored area
unexplored area
unexplored area
unexplored area
unexplored area
unexplored area
unexplored area
unexplored area
unexplored area
unexplored area
unexplored area
unexplored area
unexplored area
unexplored area
unexplored area
unexplored area
unexplored area
unexplored area
unexplored area
unexplored area
unexplored area
unexplored area
unexplored area
unexplored area
unexplored area
unexplored area
unexplored area
unexplored area
unexplored area
unexplored area
unexplored area
unexplored area
unexplored area
unexplored area
wall
wall
wall
wall
wall
|open door
wall
wall
wall
wall
wall
unexplored area
unexplored area
unexplored area
unexplored area
unexplored area
unexplored area
unexplored area
.dark part of a room
.dark part of a room
.dark part of a room
.dark part of a room
.dark part of a room
wall
wall
unexplored area
wall
wall
.dark part of a room
.dark part of a room
.dark part of a room
wall
.dark part of a room
.dark part of a room
.dark part of a room
.dark part of a room
.dark part of a room
.dark part of a room
.dark part of a room
wall
unexplored area
unexplored area
unexplored area
unexplored area
unexplored area
unexplored area
unexplored area
unexplored area
unexplored area
unexplored area
unexplored area
unexplored area
unexplored area
unexplored area
unexplored area
unexplored area
unexplored area
unexplored area
unexplored area
unexplored area
unexplored area
unexplored area
unexplored area
unexplored area
unexplored area
unexplored area
unexplored area
unexplored area
unexplored area
unexplored area
unexplored area
unexplored area
unexplored area
unexplored area
unexplored area
unexplored area
unexplored area
wall
wall
wall
.dark part of a room
.dark part of a room
.dark part of a room
Arenegade Angel of Tyr
AAngel of Moloch
AAngel of Odin
.dark part of a room
.dark part of a room
.dark part of a room
wall
wall
wall
unexplored area
unexplored area
unexplored area
.dark part of a room
.dark part of a room
.dark part of a room
.dark part of a room
.dark part of a room
%a fire ant corpse
.dark part of a room
.dark part of a room
wall
wall
wall
.dark part of a room
.dark part of a room
.dark part of a room
.dark part of a room
wall
.dark part of a room
.dark part of a room
.dark part of a room
.dark part of a room
.dark part of a room
.dark part of a room
.dark part of a room
wall
unexplored area
unexplored area
unexplored area
unexplored area
unexplored area
unexplored area
unexplored area
unexplored area
unexplored area
unexplored area
unexplored area
unexplored area
unexplored area
unexplored area
unexplored area
unexplored area
unexplored area
unexplored area
unexplored area
unexplored area
unexplored area
unexplored area
unexplored area
unexplored area
unexplored area
unexplored area
unexplored area
unexplored area
unexplored area
unexplored area
unexplored area
unexplored area
unexplored area
unexplored area
unexplored area
5unknown creature causing you dread
unexplored area
wall
.dark part of a room
.dark part of a room
.dark part of a room
.dark part of a room
.dark part of a room
AAngel of Odin
AAngel of Loki
@priest of Loki
.dark part of a room
.dark part of a room
.dark part of a room
.dark part of a room
.dark part of a room
wall
unexplored area
unexplored area
unexplored area
.dark part of a room
.dark part of a room
.dark part of a room
.dark part of a room
.dark part of a room
.dark part of a room
%Famine's corpse
.dark part of a room
.dark part of a room
%a giant beetle corpse
%a soldier ant corpse
.dark part of a room
%a giant beetle corpse
%a giant beetle corpse
[a robe
%a giant ant corpse
$some gold pieces
.dark part of a room
.dark part of a room
_aligned high altar
.dark part of a room
.dark part of a room
.dark part of a room
wall
unexplored area
unexplored area
unexplored area
unexplored area
unexplored area
unexplored area
unexplored area
unexplored area
unexplored area
unexplored area
unexplored area
unexplored area
unexplored area
unexplored area
unexplored area
unexplored area
unexplored area
unexplored area
unexplored area
unexplored area
unexplored area
unexplored area
unexplored area
unexplored area
unexplored area
unexplored area
unexplored area
unexplored area
unexplored area
unexplored area
unexplored area
unexplored area
unexplored area
unexplored area
unexplored area
unexplored area
unexplored area
wall
.dark part of a room
unexplored area
wall
wall
wall
wall
.broken door
wall
wall
wall
wall
@peaceful priest of Tyr
@priestess of Moloch
wall
unexplored area
unexplored area
unexplored area
.dark part of a room
.dark part of a room
.dark part of a room
.dark part of a room
.dark part of a room
.dark part of a room
.dark part of a room
.dark part of a room
wall
wall
wall
.dark part of a room
.dark part of a room
%a giant beetle corpse
.dark part of a room
wall
.dark part of a room
.dark part of a room
.dark part of a room
.dark part of a room
.dark part of a room
.dark part of a room
.dark part of a room
wall
unexplored area
unexplored area
unexplored area
unexplored area
unexplored area
unexplored area
unexplored area
unexplored area
unexplored area
unexplored area
unexplored area
unexplored area
unexplored area
unexplored area
unexplored area
unexplored area
unexplored area
unexplored area
unexplored area
unexplored area
unexplored area
unexplored area
unexplored area
unexplored area
unexplored area
unexplored area
unexplored area
unexplored area
unexplored area
unexplored area
unexplored area
unexplored area
unexplored area
unexplored area
unexplored area
unexplored area
unexplored area
wall
unexplored area
AAngel of Loki
wall
.floor of a room
.floor of a room
.floor of a room
Dgold dragon
.floor of a room
@priestess of Odin
.floor of a room
wall
unexplored area
@priest of Loki
wall
unexplored area
unexplored area
unexplored area
unexplored area
unexplored area
unexplored area
unexplored area
unexplored area
unexplored area
unexplored area
unexplored area
unexplored area
unexplored area
wall
wall
.dark part of a room
.dark part of a room
%a giant beetle corpse
wall
.dark part of a room
.dark part of a room
.dark part of a room
.dark part of a room
.dark part of a room
.dark part of a room
.dark part of a room
wall
unexplored area
unexplored area
unexplored area
unexplored area
unexplored area
unexplored area
unexplored area
unexplored area
unexplored area
unexplored area
unexplored area
unexplored area
unexplored area
unexplored area
unexplored area
unexplored area
unexplored area
unexplored area
unexplored area
unexplored area
unexplored area
unexplored area
unexplored area
unexplored area
unexplored area
unexplored area
unexplored area
unexplored area
unexplored area
unexplored area
unexplored area
unexplored area
unexplored area
unexplored area
unexplored area
unexplored area
unexplored area
unexplored area
@invisible priest called Alex the Canon
unexplored area
wall
.floor of a room
.floor of a room
.floor of a room
@peaceful high priest of Tyr
.floor of a room
.floor of a room
.floor of a room
wall
Qinvisible quantum mechanic
unexplored area
unexplored area
unexplored area
unexplored area
unexplored area
unexplored area
unexplored area
unexplored area
unexplored area
unexplored area
unexplored area
unexplored area
unexplored area
unexplored area
unexplored area
unexplored area
wall
wall
.dark part of a room
.dark part of a room
wall
wall
wall
wall
wall
wall
wall
wall
wall
unexplored area
unexplored area
unexplored area
unexplored area
unexplored area
unexplored area
unexplored area
unexplored area
unexplored area
unexplored area
unexplored area
unexplored area
unexplored area
unexplored area
unexplored area
unexplored area
unexplored area
unexplored area
unexplored area
unexplored area
unexplored area
unexplored area
unexplored area
unexplored area
unexplored area
unexplored area
unexplored area
unexplored area
unexplored area
unexplored area
unexplored area
unexplored area
unexplored area
unexplored area
unexplored area
unexplored area
unexplored area
unexplored area
qtitanothere
@invisible renegade priest of Tyr
wall
.floor of a room
.floor of a room
.floor of a room
@invisible human valkyrie called rustyspoon
.floor of a room
.floor of a room
.floor of a room
wall
unexplored area
unexplored area
unexplored area
unexplored area
unexplored area
unexplored area
unexplored area
unexplored area
unexplored area
unexplored area
unexplored area
unexplored area
unexplored area
unexplored area
unexplored area
unexplored area
unexplored area
unexplored area
wall
.dark part of a room
.dark part of a room
.dark part of a room
unexplored area
unexplored area
unexplored area
unexplored area
unexplored area
unexplored area
unexplored area
unexplored area
unexplored area
unexplored area
unexplored area
unexplored area
unexplored area
unexplored area
unexplored area
unexplored area
unexplored area
unexplored area
unexplored area
unexplored area
unexplored area
unexplored area
unexplored area
unexplored area
unexplored area
unexplored area
unexplored area
unexplored area
unexplored area
unexplored area
unexplored area
unexplored area
unexplored area
unexplored area
unexplored area
unexplored area
unexplored area
unexplored area
unexplored area
unexplored area
unexplored area
unexplored area
unexplored area
unexplored area
unexplored area
unexplored area
unexplored area
@priest of Odin
wall
.floor of a room
.floor of a room
.floor of a room
.floor of a room
.floor of a room
.floor of a room
.floor of a room
wall
@priestess of Moloch
unexplored area
unexplored area
unexplored area
unexplored area
unexplored area
unexplored area
unexplored area
unexplored area
unexplored area
unexplored area
unexplored area
unexplored area
unexplored area
unexplored area
unexplored area
unexplored area
unexplored area
wall
wall
wall
wall
wall
unexplored area
unexplored area
unexplored area
unexplored area
unexplored area
unexplored area
unexplored area
unexplored area
unexplored area
unexplored area
unexplored area
unexplored area
unexplored area
unexplored area
unexplored area
unexplored area
unexplored area
unexplored area
unexplored area
unexplored area
unexplored area
unexplored area
unexplored area
unexplored area
unexplored area
unexplored area
unexplored area
unexplored area
unexplored area
unexplored area
unexplored area
unexplored area
unexplored area
unexplored area
unexplored area
unexplored area
unexplored area
unexplored area
unexplored area
unexplored area
unexplored area
unexplored area
unexplored area
unexplored area
unexplored area
unexplored area
unexplored area
wall
.floor of a room
.floor of a room
.floor of a room
.floor of a room
.floor of a room
.floor of a room
.floor of a room
wall
unexplored area
unexplored area
unexplored area
unexplored area
unexplored area
unexplored area
unexplored area
unexplored area
unexplored area
unexplored area
unexplored area
unexplored area
unexplored area
unexplored area
unexplored area
unexplored area
unexplored area
unexplored area
unexplored area
unexplored area
unexplored area
unexplored area
unexplored area
unexplored area
unexplored area
unexplored area
unexplored area
unexplored area
unexplored area
unexplored area
unexplored area
unexplored area
unexplored area
unexplored area
unexplored area
unexplored area
unexplored area
unexplored area
unexplored area
unexplored area
unexplored area
unexplored area
unexplored area
unexplored area
unexplored area
unexplored area
unexplored area
unexplored area
unexplored area
unexplored area
unexplored area
unexplored area
unexplored area
unexplored area
unexplored area
unexplored area
unexplored area
unexplored area
unexplored area
unexplored area
unexplored area
unexplored area
unexplored area
unexplored area
unexplored area
unexplored area
unexplored area
unexplored area
unexplored area
unexplored area
wall
wall
wall
wall
wall
wall
wall
wall
wall
unexplored area
unexplored area
unexplored area
unexplored area
unexplored area
unexplored area
unexplored area
unexplored area
unexplored area
unexplored area
unexplored area
unexplored area
unexplored area
unexplored area
unexplored area
unexplored area
unexplored area
unexplored area
unexplored area
unexplored area
unexplored area
unexplored area
unexplored area
unexplored area
unexplored area
unexplored area
unexplored area
unexplored area
unexplored area
unexplored area
unexplored area
unexplored area
unexplored area
unexplored area
unexplored area
unexplored area
unexplored area
unexplored area
unexplored area
unexplored area
unexplored area
unexplored area
unexplored area
unexplored area
unexplored area
unexplored area
unexplored area
unexplored area
unexplored area
unexplored area
unexplored area
unexplored area
unexplored area
unexplored area
unexplored area
unexplored area
unexplored area
unexplored area
unexplored area
unexplored area
unexplored area
unexplored area
unexplored area
unexplored area
unexplored area
unexplored area
unexplored area
unexplored area
unexplored area
unexplored area
unexplored area
unexplored area
unexplored area
unexplored area
unexplored area
Apeaceful Angel of Tyr
unexplored area
@priest of Odin
unexplored area
unexplored area
unexplored area
unexplored area
unexplored area
unexplored area
unexplored area
unexplored area
unexplored area
unexplored area
unexplored area
unexplored area
unexplored area
unexplored area
unexplored area
unexplored area
unexplored area
unexplored area
unexplored area
unexplored area
unexplored area
unexplored area
unexplored area
unexplored area
unexplored area
unexplored area
unexplored area
unexplored area
unexplored area
unexplored area
unexplored area
unexplored area
unexplored area
unexplored area
unexplored area
unexplored area
unexplored area
unexplored area
unexplored area
unexplored area
unexplored area
unexplored area
unexplored area
unexplored area
unexplored area
unexplored area
unexplored area
unexplored area
unexplored area
unexplored area
unexplored area
unexplored area
unexplored area
unexplored area
unexplored area
unexplored area
unexplored area
unexplored area
unexplored area
unexplored area
unexplored area
unexplored area
unexplored area
unexplored area
unexplored area
unexplored area
unexplored area
unexplored area
unexplored area
unexplored area
unexplored area
unexplored area
unexplored area
unexplored area
unexplored area
unexplored area
unexplored area
unexplored area
unexplored area
unexplored area
unexplored area
unexplored area
unexplored area
unexplored area
unexplored area
unexplored area
unexplored area
unexplored area
unexplored area
unexplored area
unexplored area
unexplored area
unexplored area
unexplored area
unexplored area
unexplored area
unexplored area
unexplored area
unexplored area
unexplored area
unexplored area
unexplored area
unexplored area
unexplored area
unexplored area
unexplored area
unexplored area
unexplored area
unexplored area
unexplored area
unexplored area
unexplored area
unexplored area
unexplored area
unexplored area
[Rustyspoon the Warrior ] St:25 Dx:17 Co:18 In:13 Wi:18 Ch:12 Lawful Astral Plane $:0 HP:306(327) Pw:29(29) AC:-37 Xp:15 T:37601

Latest messages:

You hear a chugging sound.
The blast of fire misses the Angel of Odin.
The blast of fire hits the priest of Loki!
The blast of fire hits the gold dragon.
In what direction?
You kick at empty space.
A nearby voice intones:
"Pilgrim, you enter a sacred place!"
The displacer beast moves the giant beetle out of its way!
You hear a distant zap.
You hear a chugging sound.
For some reason, Alex the invisible Canon's presence is known to you.
You feel aggravated at Alex the invisible Canon.
You hear a nearby zap.
The bolt of lightning hits the priest of Loki.
Your arm tingles.
What do you want to use or apply? [be-gkpqs-uxzITZ or ?*]
You can see again.
The Angel of Moloch zaps you with a magic missile!
The magic missile hits the Angel of Odin.
The magic missile whizzes by you!
The magic missile hits the high priest of Tyr.
You hear a chugging sound.
"Go play leapfrog with a herd of unicorns!"
You hear a chugging sound.
The gold dragon bites the high priest of Tyr.
The gold dragon hits the high priest of Tyr.
The gold dragon hits the high priest of Tyr.
The high priest of Tyr wields a mace!
The priest of Loki casts a spell!
The priest of Loki looks better.
You stop. The high priest of Tyr doesn't want to swap places.
The gold dragon breathes fire!
The blast of fire bounces!
The blast of fire hits the gold dragon.
The air crackles around the priestess of Odin.
The Angel of Odin wields a long sword!
There is a high altar to Tyr (lawful) here.
There is a high altar to Tyr (lawful) here.
There is a high altar to Tyr (lawful) here.
There is a high altar to Tyr (lawful) here.
There is a high altar to Tyr (lawful) here.
There is a high altar to Tyr (lawful) here.
What do you want to sacrifice? [J or ?*]
You offer the Amulet of Yendor to Tyr...
An invisible choir sings, and you are bathed in radiance...
The voice of Tyr booms out: "Mortal, thou hast done well!"
"In return for thy service, I grant thee the gift of Immortality!"
You ascend to the status of Demigod...
Do you want your possessions identified? [ynq] (y)

Inventory:

Amulets

U - an uncursed amulet of reflection (being worn)

Weapons

a - the blessed rustproof +7 Excalibur (wielded in right hand)
w - a blessed +7 silver spear (wielded in left hand)

Armor

A - a blessed +5 Hawaiian shirt with a hula dancer motif named "hula dancers on a black background" (being worn)
B - an uncursed greased +4 gray dragon scale mail (being worn)
C - a blessed greased fireproof +4 cloak of displacement (being worn)
D - a blessed fireproof +4 pair of speed boots (being worn)
E - a blessed rustproof +4 pair of gauntlets of power (being worn)
F - a blessed rustproof +5 helm of telepathy (being worn)

Comestibles

d - an uncursed partly eaten food ration
L - an uncursed lizard corpse named KFC

Spellbooks

p - the uncursed Book of the Dead

Rings

m - a blessed ring of free action (on right hand)
V - a blessed ring of conflict (on left hand)

Wands

f - an uncursed wand of death (0:6)
g - an uncursed wand of teleportation (0:8)
z - an uncursed wand of digging (0:5)
I - a cursed wand of teleportation (0:3)
T - an uncursed wand of death (0:1)

Tools

b - a blessed greased bag of holding containing 82 items
e - an uncursed stethoscope
k - a cursed skeleton key
q - the cursed Candelabrum of Invocation (0 of 7 candles attached)
s - an uncursed sack named cancellation containing 1 item
t - a blessed blindfold
u - a blessed +0 unicorn horn named Lh e-vortex ;
x - the blessed Orb of Fate (0:5)
Z - the uncursed Bell of Opening (0:1)

Contents of the bag of holding:

100 gold pieces
an uncursed amulet of life saving
an uncursed amulet of life saving
a blessed amulet of magical breathing
an uncursed +0 pair of levitation boots
an uncursed burnt +0 pair of water walking boots
7 uncursed food rations
an uncursed lizard corpse named KFC
a blessed scroll of scare monster
10 blessed scrolls of blank paper
10 uncursed scrolls of blank paper
2 blessed scrolls of charging
an uncursed scroll of create monster
4 uncursed scrolls of earth
a blessed scroll of enchant armor
2 uncursed scrolls of fire
an uncursed scroll of gold detection
a blessed scroll of identify
an uncursed scroll of identify
a blessed scroll of remove curse
an uncursed scroll of remove curse
10 potions of holy water
3 potions of unholy water
a blessed diluted potion of extra healing
2 uncursed diluted potions of extra healing
4 blessed diluted potions of full healing
2 blessed potions of levitation
2 uncursed potions of paralysis
5 blessed potions of restore ability
an uncursed ring of conflict
an uncursed ring of free action
a blessed ring of levitation
an uncursed ring of levitation
an uncursed ring of regeneration
an uncursed ring of slow digestion
a blessed ring of teleport control
an uncursed ring of teleport control
an uncursed wand of cold (0:7)
an uncursed wand of cold (0:6)
an uncursed wand of cold (0:5)
an uncursed wand of digging (0:5)
an uncursed wand of digging (0:7)
an uncursed wand of digging (0:6)
an uncursed wand of digging (0:0)
an uncursed wand of digging (0:8)
an uncursed wand of digging (0:7)
an uncursed wand of digging (0:5)
an uncursed wand of digging (0:5)
an uncursed wand of digging (0:5)
an uncursed wand of fire (0:5)
an uncursed wand of fire (0:7)
a blessed wand of lightning (0:4)
an uncursed wand of lightning (0:7)
an uncursed wand of lightning (0:5)
an uncursed wand of lightning (0:6)
an uncursed wand of lightning (0:3)
an uncursed wand of lightning (0:6)
an uncursed wand of magic missile (0:4)
an uncursed wand of magic missile (0:7)
an uncursed wand of magic missile (0:2)
an uncursed wand of magic missile (0:4)
a blessed wand of polymorph (0:2)
an uncursed wand of secret door detection (0:11)
an uncursed wand of secret door detection (0:11)
an uncursed wand of secret door detection (0:12)
an uncursed wand of sleep (0:8)
an uncursed wand of sleep (0:2)
an uncursed wand of sleep (0:3)
an uncursed wand of sleep (0:6)
an uncursed wand of sleep (0:5)
an uncursed wand of wishing (1:3)
an uncursed bugle
2 uncursed tallow candles
8 cursed tallow candles
an uncursed can of grease (0:7)
an uncursed magic marker (0:79)
an uncursed magic marker (0:78)
an uncursed magic marker (0:3)
a blessed +6 pick-axe
an uncursed amethyst stone
a blessed luckstone
a blessed touchstone

Contents of the sack named cancellation:

an uncursed wand of cancellation (0:2)

Rustyspoon the Valkyrie's attributes:


Background:

You were a Warrior, a level 15 male human Valkyrie.
You were lawful, on a mission for Tyr
who was opposed by Odin (neutral) and Loki (chaotic).
You started out female.
You were in the endgame, on the Astral Plane.
You entered the dungeon 37601 turns ago.
You had 189263 experience points, 130737 more were needed to attain level 16.

Basics:

You had 306 out of 327 hit points.
You had all 29 energy points (spell power).
Your armor class was -37.
Your wallet was empty.
Autopickup was off.

Final Characteristics:

Your strength was 25 (base:18/35, peak:18/36, innate limit:18/100).
Your dexterity was 17 (limit:18).
Your constitution was 18 (limit:18).
Your intelligence was 13 (limit:18).
Your wisdom was 18 (limit:18).
Your charisma was 12 (limit:18).

Final Status:

You were not hungry.
You were unencumbered.
You were wielding two weapons at once.
You were skilled in long sword and two weapons.
You also were skilled in spear and two weapons.

Final Attributes:

You were the Hand of Elbereth.
You were piously aligned.
You were magic-protected.
You were fire resistant.
You were cold resistant.
You were sleep resistant.
You were disintegration-resistant.
You were shock resistant.
You were poison resistant.
You were level-drain resistant.
You saw invisible.
You were telepathic.
You were warned.
You had automatic searching.
You were invisible to others.
You were displaced.
You were stealthy.
You caused conflict.
You had a moderate defense bonus (+8).
You were warded.
You took half physical damage.
You took half spell damage.
You were very fast.
You had reflection.
You had free action.
You were very lucky.
You had extra luck.
Good luck did not time out for you.
You survived.

Miscellaneous:
You encountered 2 bones levels.
Total elapsed playing time was 4 hours, 40 minutes and 5 seconds.

Major events:

Turn

1: rustyspoon the lawful human Valkyrie entered the dungeon
802: entered the Gnomish Mines
1658: attained the rank of Skirmisher (level 3)
3445: attained the rank of Fighter (level 6)
3951: reached Mine Town
5514: made her first wish - "blessed greased +2 gray dragon scale mail", got "a greased gray dragon scale mail"
6079: destroyed PetraKelly's ghost, the former Adept
6081: found Sting on the floor
7503: destroyed Gandelf the human mummy, and former Student of Stones
7569: entered the Bigroom
7683: entered Sokoban
9261: found Giantslayer in a container
9879: was bestowed with Mjollnir by Tyr
10710: completed 1st Sokoban level
11217: completed 2nd Sokoban level
11638: completed 3rd Sokoban level
12610: attained the rank of Woman-at-arms (level 10)
12752: completed 4th Sokoban level
12934: acquired the Sokoban amulet of reflection
15815: acquired the Mines' End luckstone
17259: endured an absurd aquatic ceremony, and now wields Excalibur
20256: was bestowed with Fire Brand by Tyr
21765: attained the rank of Warrior (level 14)
22687: found the Orb of Fate on the floor
22689: killed Lord Surtur
22692: acquired the Bell of Opening
23637: was crowned "The Hand of Elbereth" by Tyr
26251: performed her first genocide (class h)
29199: killed Medusa
30199: genocided energy vortices
30426: entered Gehennom
31695: wished for "blessed fixed greased +2 boots of speed", got "a greased pair of riding boots"
31748: genocided class L
32694: killed Juiblex
32854: killed the invisible Asmodeus
33597: killed the invisible Baalzebub
34250: destroyed Vlad the Impaler
34252: acquired the Candelabrum of Invocation
34927: killed Orcus
36000: killed the Wizard of Yendor
36022: acquired the Book of the Dead
36082: performed the invocation
36192: killed the high priestess of Moloch
36200: acquired The Amulet of Yendor
37256: entered the Elemental Planes
37256: entered Plane of Earth
37257: killed the Wizard of Yendor (2nd time)
37292: entered Plane of Air
37386: entered Plane of Fire
37398: entered Plane of Water
37400: genocided class ;
37523: entered the Astral Plane
37535: killed the invisible Famine
37572: killed the invisible Famine (2nd time)
37590: killed Death
37601: ascended

Vanquished creatures:

Asmodeus
Baalzebub
Orcus
Juiblex
the Wizard of Yendor (twice)
Death
Famine (twice)
Vlad the Impaler
a high cleric
a mastodon
Medusa
15 krakens
a storm giant
a glass golem
a purple worm
a gray dragon
3 silver dragons
3 red dragons
a white dragon
a black dragon
3 blue dragons
3 yellow dragons
16 minotaurs
3 jabberwocks
Lord Surtur
2 baluchitheria
2 demiliches
7 stone golems
4 Nazgul
2 pit fiends
3 sandestins
2 displacer beasts
4 titanotheres
3 trappers
2 guardian nagas
a genetic engineer
15 vampire leaders
4 skeletons
7 aligned clerics
2 captains
5 shades
2 liches
a clay golem
6 nurses
3 ice devils
2 nalfeshnees
a frost giant
an ettin
8 black puddings
24 vampires
3 lieutenants
32 ghosts
2 queen bees
3 winged gargoyles
14 giant mimics
4 long worms
3 zruties
30 fire giants
7 ogre tyrants
10 rock trolls
7 umber hulks
a flesh golem
4 elven monarchs
3 doppelgangers
2 hezrous
a bone devil
8 large mimics
a wumpus
10 stalkers
5 air elementals
4 fire elementals
3 earth elementals
4 water elementals
5 hill giants
5 giant mummies
a black naga
6 xorns
12 giant zombies
13 elf-nobles
12 sergeants
3 barbed devils
4 vrocks
a salamander
9 wargs
2 winter wolves
2 hell hound pups
13 small mimics
3 glass piercers
2 warhorses
6 steam vortices
9 xans
2 ettin mummies
7 ogre leaders
5 quantum mechanics
9 trolls
a wood golem
3 erinyes
5 mariliths
8 sharks
14 electric eels
3 gelatinous cubes
3 pyrolisks
a large dog
2 freezing spheres
9 flaming spheres
6 shocking spheres
2 large cats
7 tigers
2 dwarf rulers
2 tengu
3 ochre jellies
7 leocrottas
4 mountain centaurs
4 stone giants
3 elf mummies
4 human mummies
8 red nagas
2 pythons
8 pit vipers
4 cobras
32 wraiths
a carnivorous ape
22 ettin zombies
8 leather golems
9 Grey-elves
44 soldiers
a watchman
5 amorous demons
5 horned devils
2 chameleons
5 crocodiles
17 giant beetles
4 quivering blobs
12 cockatrices
9 wolves
15 winter wolf cubs
a lynx
2 panthers
4 gremlins
a spotted jelly
48 leprechauns
2 orc-captains
9 iron piercers
3 mumakil
9 giant spiders
5 scorpions
4 horses
an ice vortex
3 black lights
11 vampire bats
3 forest centaurs
3 gnome rulers
2 orc mummies
3 dwarf mummies
6 ogres
a brown pudding
8 rust monsters
9 owlbears
5 yetis
3 gold golems
a werewolf
11 Green-elves
6 piranha
18 giant eels
20 lizards
4 dingoes
2 dogs
5 housecats
6 jaguars
2 dwarf leaders
5 blue jellies
7 white unicorns
a gray unicorn
3 black unicorns
4 dust vortices
6 ravens
4 plains centaurs
3 gnome mummies
9 snakes
2 water moccasins
9 apes
16 human zombies
a rope golem
14 Woodland-elves
21 soldier ants
80 fire ants
7 bugbears
3 imps
2 lemures
7 quasits
9 wood nymphs
6 water nymphs
7 mountain nymphs
23 Uruk-hai
4 orc shamans
6 rock piercers
5 rock moles
8 ponies
4 fog clouds
6 yellow lights
a shrieker
3 violet fungi
17 gnome leaders
9 gnomish wizards
a kobold mummy
a gray ooze
2 barrow wights
6 elf zombies
8 ghouls
2 straw golems
2 paper golems
6 jellyfish
15 giant ants
a little dog
14 floating eyes
6 kittens
19 dwarves
5 homunculi
2 kobold leaders
31 hill orcs
22 rothes
3 rabid rats
4 giant bats
2 monkeys
8 orc zombies
3 dwarf zombies
a wererat
3 werejackals
8 iguanas
46 killer bees
7 acid blobs
a coyote
2 gas spores
6 hobbits
3 manes
6 large kobolds
10 hobgoblins
10 giant rats
6 cave spiders
a brown mold
7 yellow molds
2 green molds
3 red molds
76 gnomes
14 garter snakes
20 gnome zombies
7 geckos
14 jackals
2 foxes
3 kobolds
8 goblins
3 sewer rats
13 grid bugs
5 bats
9 lichens
11 kobold zombies
19 newts
1799 creatures vanquished.

Genocided or extinct species:

hobbits
dwarves
bugbears
dwarf leaders
dwarf rulers
mind flayers
master mind flayers
energy vortices
liches
demiliches
master liches
arch-liches
erinyes (extinct)
jellyfish
piranha
sharks
giant eels
electric eels
krakens
18 species genocided.
1 species extinct.

Voluntary challenges:

You read items or engraved 120 times.
You never engraved Elbereth.
You genocided 18 types of monsters.
You never changed form.
You used 2 wishes.
You did not wish for any artifacts.
You did not violate any of the special Sokoban rules.

Achievements:

You entered a shop.
You entered the Gnomish Mines.
You attained the rank of Skirmisher.
You attained the rank of Fighter.
You entered Minetown.
You entered a temple.
You entered the Big Room.
You entered Sokoban.
You attained the rank of Woman-at-arms.
You completed Sokoban.
You completed the Gnomish Mines.
You attained the rank of Warrior.
You had the Bell of Opening.
You defeated Medusa.
You learned the tune to open and close the Castle's drawbridge.
You entered Gehennom.
You had the Candelabrum of Invocation.
You had the Book of the Dead.
You gained access to Moloch's Sanctum.
You reached the Elemental Planes.
You reached the Astral Plane.
You delivered the Amulet of Yendor.
You ascended!

The Elemental Planes:

   Astral Plane: <- You are here.
Some temples.
Plane of Water:
Plane of Fire:
Plane of Air:
Plane of Earth:

The Dungeons of Doom: levels 1 to 27

   Level 1:
Many fountains.
One way stairs up to The Elemental Planes.
Level 2:
A weapon shop.
Stairs down to The Gnomish Mines.
Level 3: "EW, WW/fumble/levi in shop"
An armor shop.
Level 4:
A fountain.
Level 5:
A fountain.
Final resting place for
PetraKelly-Pri-Elf-Fem-Cha, killed by a dwarf king.
Level 6:
Level 7:
Many fountains.
Oracle of Delphi.
Level 8:
A grave.
Stairs up to Sokoban, level 7.
Level 9: "BoH bone!???"
A fountain.
Final resting place for
Gandelf-Mon-Hum-Mal-Neu, killed by an ettin mummy, while moving through the air.
Level 10: "backup sack"
A very big room.
Level 11:
A weapon shop, a fountain.
Level 12:
A fountain.
Level 13:
A fountain.
Portal to The Quest.
Level 14:
Many altars, a sink.
Level 15:
A general store, a fountain.
Level 16:
A primitive area.
Level 17:
Many fountains.
Level 18:
A fountain, a sink.
Level 19:
An altar to Tyr.
Level 20:
A scroll shop.
Level 21:
An altar to Tyr.
Level 22: "invis chest"
An altar to Tyr, some fountains.
Level 23:
A fountain.
Level 24:
A fountain.
Level 25:
A fountain, a grave.
Level 26:
Level 27:
A fountain.
The castle.
Connection to Gehennom.

Gehennom: levels 28 to 47

   Level 28:
A temple, many graves.
Valley of the Dead.
Level 29:
Level 30:
Level 31:
Level 32:
A fountain.
Level 33:
Level 34:
Level 35:
Level 36:
Level 37:
Stairs up to Vlad's Tower, level 36.
Level 38:
Level 39:
Level 40:
Some shops, an altar.
Level 41:
Level 42:
Level 43:
Level 44:
Level 45:
Level 46:
Level 47:
A temple, many graves.
Moloch's Sanctum.

The Gnomish Mines: levels 3 to 10

   Level 3:
Level 4:
Level 5: "long sword >"
Level 6: "backup holding _"
Many shops, a temple to Tyr, many fountains.
Level 7:
Level 8:
Level 9:
Level 10:
A fountain.

The Quest: levels 1 to 6

   Level 1:
A fountain.
Completed quest for the Norn.
Level 2: "backup holding"
Level 3:
Level 4:
Level 5:
Level 6:

Sokoban: levels 7 up to 4

   Level 4:
Solved.
Level 5:
Solved.
Level 6:
Solved.
Level 7:
Solved.

Vlad's Tower: levels 36 up to 34

   Level 34:
Level 35:
Level 36: "final stash"

Farvel rustyspoon the Demigod...


You went to your reward with 1895150 points,
Excalibur (worth 4000 zorkmids and 10000 points)
The Book of the Dead (worth 10000 zorkmids and 25000 points)
The Candelabrum of Invocation (worth 5000 zorkmids and 12500 points)
The Orb of Fate (worth 3500 zorkmids and 8750 points)
The Bell of Opening (worth 5000 zorkmids and 12500 points)
and 100 pieces of gold, after 37601 moves.
You were level 15 with a maximum of 327 hit points when you ascended.